Map: Goldenaura LE

Players

ManlyManMeat - Winner!

  • Race: Zerg Zerg
  • Spawn Location: 5:00

VOD

Have the link to the VOD?

Description

Time

  • Played on: Sept. 10, 2024, 2:44 a.m.
  • Length: 13:34
Show
View Real Time Build Order
Export as new Build Order

ManlyManMeat Zerg - Winner!

Build Orders:  

Get SALT Encoding   

  12  0:00  Drone  
  13  0:11  Drone  
  14  0:24  Overlord  
  14  0:55  Drone  
  14  0:56  Drone x2  
  17  1:13  Drone  
  18  1:21  Hatchery  
  17  1:30  Drone  
  18  1:43  Drone  
  19  1:50  Spawning Pool  
  19  1:56  Drone  
  19  1:57  Extractor  
  18  2:12  Drone  
  19  2:31  Drone  
  20  2:46  Drone  
  21  3:01  Queen  
  21  3:02  Queen  
  21  3:04  Drone x2  
  27  3:14  Zergling x2  
  28  3:29  Overlord  
  28  3:45  Overlord  
  28  4:03  Overlord  
  28  4:23  Drone x5  
  33  4:37  Drone  
  33  4:39  Hatchery  
  33  4:43  Drone x2  
  35  4:56  Metabolic Boost  
  35  5:01  Drone x4  
  39  5:12  Overlord  
  39  5:14  Queen  
  39  5:16  Drone x3  
  44  5:28  Extractor, Drone  
  44  5:33  Overlord  
  44  5:48  Queen  
  46  6:02  Zergling x10  
  46  6:03  Zergling x2  
  46  6:08  Drone x3  
  55  6:26  Queen  
  57  6:49  Drone x5  
  42  6:50  Drone x4  
  66  7:09  Overlord  
  66  7:11  Overlord  
  66  7:21  Overlord  
  66  7:40  Drone x2  
  66  7:41  Drone  
  66  7:44  Evolution Chamber  
  66  7:46  Evolution Chamber  
  67  7:50  Drone x3  
  67  7:51  Drone x3  
  67  7:59  Drone x3  
  76  8:54  Zergling x2  
  76  8:55  Zergling x8  
  76  8:56  Zergling x8  
  76  8:57  Zergling x6  
  87  9:22  Overlord  
  87  9:24  Overlord  
  87  9:25  Overlord  
  87  9:26  Overlord  
  87  9:27  Zergling x6  
  90  9:32  Zerg Melee Weapons Level 1, Zerg Ground Armor Level 1  
  90  9:40  Baneling Nest  
  89  10:22  Overlord  
  89  10:23  Overlord  
  89  10:24  Overlord  
  89  10:27  Zergling x8  
  89  10:28  Zergling x4  
  95  10:46  Hatchery  
  95  10:47  Hatchery  
  93  11:50  Zergling x6  
  93  11:51  Zergling x10  
  93  11:52  Zergling x10  
  93  11:53  Zergling x8  
  108  12:20  Baneling x16  
  108  12:21  Baneling x6  
  107  13:02  Zergling x16  
  107  13:03  Zergling x30  
Tags
 
Matchup
Co-op
Replay Pack
ee
Add a new tag
Caveats
  • Supply blocks, unpowered buildings, or Contaminate may cause inaccurate times.
  • Supply counts are checked every 10 seconds.